 Dungeon Crawl Stone Soup version 0.31-a0-841-g038b102fc3 (webtiles) character file.

Game seed: 9242458780752846156

5177 Aneyh the Fighter (level 10, -6/102 HPs)
             Began as a Tengu Monk on Sept 28, 2023.
             Was a Priest of Hepliaklqana.
             Mangled by a two-headed ogre
             ... wielding a +0 giant club
              (17 damage)
             ... on level 8 of the Dungeon.
             The game lasted 00:12:46 (6155 turns).

Aneyh the Fighter (Tengu Monk)                      Turns: 6155, Time: 00:12:47

Health: -6/102     AC: 25    Str: 16    XL:     10   Next: 60%
Magic:  11/11      EV:  2    Int: 10    God:    Hepliaklqana [***...]
Gold:   92         SH:  0    Dex: 17    Spells: 9/9 levels left

rFire   . . .        a - +0 halberd
rCold   . . .        (shield currently unavailable)
rNeg    . . .        g - melded +0 robe
rPois   +            (helmet currently unavailable)
rElec   .            J - melded +0 cloak
rCorr   .            e - melded +1 pair of gloves
SInv    .            (boots unavailable)
Will    ++...        h - amulet of regeneration
Stlth   ++           c - ring "Keplusept" {Will++ EV+5}
HPRegen 1.17/turn    w - +5 ring of evasion
MPRegen 0.12/turn

%: acrobat
@: mighty, tree-form
A: stationary, stasis, torment immunity, boosted hp, reduced essence, (beak),
(talons 3), evasive flight, acrobatic, (large bone plates 1), inability to drink
after injury 1, (sturdy frame 1)
a: Renounce Religion, Recall Ancestor, Ancestor Identity, Transference


You were on level 8 of the Dungeon.
You worshipped Hepliaklqana.
Hepliaklqana was most pleased with you.
You were a tree.
You visited 2 branches of the dungeon, and saw 9 of its levels.

You collected 422 gold pieces.
You spent 330 gold pieces at shops.

Inventory:

Hand Weapons
 a - a +0 halberd (weapon)
 b - a +1 short sword of venom
 l - a +0 spear
 A - a +3 dagger of electrocution
 F - a +1 heavy flail
 G - a +0 broad axe
 I - a +1 short sword of draining
 K - the +8 long sword "Oshrio Hocump" {freeze, Fly rPois Str-4 Int+7}
   (You found it on level 6 of the Dungeon)

   Str-4:     It affects your strength (-4).
   Int+7:     It affects your intelligence (+7).
   rPois:     It protects you from poison Fly: It grants you flight.
 P - the +7 Throatcutter {drain, coup de grace}
   (You found it on level 7 of the Dungeon)
 Q - a +3 battleaxe
 R - a +0 trident
Missiles
 j - 25 poisoned darts (quivered)
Armour
 d - an orb of light
 e - a +1 pair of gloves (melded)
 g - a +0 robe (melded)
 y - a scarf of harm
 J - a +0 cloak (melded)
Jewellery
 c - the ring "Keplusept" (left branch) {Will++ EV+5}
   (You found it on level 2 of the Dungeon)

   [ring of evasion]

   EV+5:      It affects your evasion (+5).
   Will++:    It greatly increases your willpower.
 h - an amulet of regeneration (around neck)
 w - a +5 ring of evasion (right branch)
Wands
 z - a wand of polymorph (3)
 M - a wand of iceblast (4)
 T - a wand of acid (5)
Scrolls
 i - 4 scrolls of teleportation {unknown}
 k - a scroll of fog {unknown}
 m - 2 scrolls of poison {unknown}
 n - 4 scrolls of amnesia {unknown}
 o - a scroll of summoning {unknown}
 p - 2 scrolls of noise {unknown}
 u - 3 scrolls of immolation {unknown}
 v - a scroll of acquirement {unknown}
 x - a scroll of identify
 B - a scroll of enchant weapon {unknown}
 D - a scroll of enchant armour {unknown}
 E - a scroll of blinking {unknown}
 H - a scroll of silence {unknown}
 L - a scroll of revelation {unknown}
 N - 2 scrolls of fear {unknown}
Potions
 f - 3 potions of lignification
 q - 3 potions of curing
 s - a potion of haste
 C - a potion of magic {unknown}
 O - a potion of enlightenment
 S - a potion of mutation


   Skills:
 + Level 14.9 Fighting
 - Level 5.3 Polearms
 - Level 3.2 Dodging


You had 9 spell levels left.
You didn't know any spells.
Your spell library contained the following spells:

 Spells                   Type           Power      Damage    Failure   Level
 Summon Ice Beast         Ice/Summ       0%         N/A       98%         4
 Summon Mana Viper        Hex/Summ       0%         N/A       100%        5
 Monstrous Menagerie      Summ           0%         N/A       100%        7


Dungeon Overview and Level Annotations

Branches:
Dungeon (8/15)             Temple (1/1) D:5            Lair (0/5) D:8

Altars:
Ashenzari
Cheibriados
Dithmenos
Elyvilon
Fedhas
Gozag
Hepliaklqana
Kikubaaqudgha
Makhleb
Nemelex Xobeh
Okawaru
Qazlal
Sif Muna
Trog
Uskayaw
Vehumet
Wu Jian
Xom
Yredelemnul
Zin
The Shining One

Shops:
D:5 =


Innate Abilities, Weirdness & Mutations

You are a tree.
Your roots penetrate the ground, keeping you stationary.
You cannot be teleported.
You are immune to unholy pain and torment.
Your maximum health is greatly increased.
Your equipment is partially melded.
Your life essence is reduced to manifest your ancestor. (-10% HP)
((You have a beak for a mouth.))
((You have claws for feet.))
Your magical flight helps you evade attacks. (EV +4)
You can magically evade attacks while moving or waiting.
((You are partially covered in large bone plates. (SH +4)))
You occasionally lose the ability to drink potions when taking damage.
((Your movements are slightly less encumbered by armour. (ER -2)))


Message History

The two-headed ogre hits you with a +0 giant club!!
* * * LOW HITPOINT WARNING * * *
The two-headed ogre hits you with a +0 giant club!
* * * LOW HITPOINT WARNING * * *
It was a potion of enlightenment.
Your roots keep you in place.
Something hits you but does no damage.
The orc wizard hits you but does no damage.
It was a potion of heal wounds.
You feel much better. Something hits you but does no damage.
The orc wizard hits you but does no damage.
The two-headed ogre hits you with a +0 giant club!
* * * LOW HITPOINT WARNING * * *
The two-headed ogre hits you but does no damage.
Okay, then.
Reach: a) +0 halberd
Press: ? - help, Dir - move target, f/p - two-headed ogre
Aim: a two-headed ogre, wielding two +0 giant clubs (heavily wounded, about 23% to evade your +0 halberd)
You barely miss the two-headed ogre.
The two-headed ogre is heavily wounded.
Something hits you but does no damage.
The orc wizard hits you but does no damage.
The two-headed ogre hits you but does no damage.
The two-headed ogre hits you with a +0 giant club!
* * * LOW HITPOINT WARNING * * *
Reach: a) +0 halberd
Press: ? - help, Dir - move target, f/p - two-headed ogre
Aim: a two-headed ogre, wielding two +0 giant clubs (heavily wounded, about 23% to evade your +0 halberd)
You slash the two-headed ogre!
The two-headed ogre is severely wounded.
Something hits you but does no damage.
The orc wizard hits you but does no damage.
Reach: a) +0 halberd
Press: ? - help, Dir - move target, f/p - two-headed ogre
Aim: a two-headed ogre, wielding two +0 giant clubs (severely wounded, about 23% to evade your +0 halberd)
You hit the two-headed ogre.
The two-headed ogre is severely wounded.
Your enlightenment fades.
Something hits you but does no damage.
The two-headed ogre hits you with a +0 giant club!
You die...

...........##..#####....
..........^...)#..#.....
###.....#..##....# o....
...#..###..##....#oO.≈..
.#......#..##.†..#)oY≈o"
P##...#.#.......Yy)y≈≈≈≈
P...#...#.>##.†oy#
...≈#.#.#..##.o#O#
....#.#)#.: #.o#♣#
.##...#.# #..y.#
.#......# #..#.#
...#....# #..#..
###...#.# ....#..
#.#.#.# .#...#...
#.#<#... #. ....
#.###### ## #...# #.


You could see a two-headed ogre, a hornet, an ice beast, 2 killer bees and an
orc.

Vanquished Creatures
  A tengu warrior (D:8)
  Pikel (D:6)
  Grinder (D:4)
  4 yaks (D:8)
  Edmund (D:4)
  A water moccasin (D:5)
  An orc warrior (D:7)
  3 black bears
  A kobold brigand (D:8)
  A scorpion (D:6)
  2 bullfrogs
  7 wights
  Dowan (D:5)
  2 killer bees (D:8)
  4 hounds
  4 jellies
  3 orc priests
  Ijyb (D:4)
  Jessica (D:2)
  Terence (D:2)
  3 iguanas
  3 orc wizards
  Robin (D:2)
  7 adders
  An ufetubus (D:6)
  3 worms
  2 dart slugs
  25 orcs
  3 bats (D:2)
  9 endoplasms
  3 giant cockroaches
  12 goblins
  12 hobgoblins
  3 jackals (D:1)
  13 kobolds
  3 quokkas
  7 ball pythons
  5 frilled lizards
  4 rats
160 creatures vanquished.

Vanquished Creatures (collateral kills)
  2 yaks (D:8)
  Duvessa (D:5)
  An ice beast (D:5)
  A black bear (D:5)
  2 sky beasts (D:7)
  An ogre (D:6)
  2 lemures (D:6)
  A centaur (D:8)
  A bullfrog (D:6)
  2 wights (D:7)
  A killer bee (D:8)
  An orc priest (D:7)
  A sleepcap (D:6)
  2 orc wizards
  2 iguanas
  An adder (D:6)
  3 orcs
25 creatures vanquished.

Vanquished Creatures (others)
  3 knights
3 creatures vanquished.

Grand Total: 188 creatures vanquished

Notes
Turn   | Place    | Note
-------+----------+-------------------------------------------
     0 | D:1      | Aneyh the Tengu Monk began the quest for the Orb.
     0 | D:1      | Reached XP level 1. HP: 14/14 MP: 2/2
    52 | D:1      | Reached XP level 2. HP: 12/19 MP: 3/3
   367 | D:1      | Reached XP level 3. HP: 23/23 MP: 4/4
   843 | D:2      | Noticed Robin
   856 | D:2      | Killed Robin
   857 | D:2      | Reached skill level 5 in Polearms
   960 | D:2      | Reached XP level 4. HP: 28/28 MP: 5/5
  1171 | D:2      | Identified the ring "Keplusept" {Will++ EV+5}
  1184 | D:2      | Noticed Terence
  1193 | D:2      | Killed Terence
  1211 | D:2      | Reached XP level 5. HP: 33/33 MP: 6/6
  1214 | D:2      | Reached skill level 4 in Fighting
  1531 | D:2      | Noticed Jessica
  1536 | D:2      | Killed Jessica
  1861 | D:3      | You fall into a shaft and drop 1 floor!
  1873 | D:4      | Reached skill level 5 in Fighting
  2003 | D:4      | Reached XP level 6. HP: 20/40 MP: 7/7
  2151 | D:4      | Noticed Ijyb
  2160 | D:4      | Killed Ijyb
  2185 | D:4      | Noticed a black bear
  2303 | D:4      | Killed a black bear
  2304 | D:4      | Reached skill level 6 in Fighting
  2515 | D:4      | Noticed Edmund
  2530 | D:4      | Killed Edmund
  2531 | D:4      | Reached skill level 7 in Fighting
  2531 | D:4      | Gained mutation: Your magical flight helps you evade
                  | attacks. (EV +4) [Tengu growth]
  2531 | D:4      | Reached XP level 7. HP: 25/48 MP: 8/8
  2738 | D:4      | Found a glowing silver altar of Zin.
  2904 | D:5      | Entered Level 5 of the Dungeon
  2931 | D:5      | Noticed Grinder
  2939 | D:5      | Found a staircase to the Ecumenical Temple.
  2964 | D:4      | Killed Grinder
  3092 | D:5      | Reached skill level 8 in Fighting
  3098 | Temple   | Entered the Ecumenical Temple
  3117 | Temple   | Became a worshipper of Hepliaklqana the Forgotten
  3117 | Temple   | Reached * piety under Hepliaklqana
  3117 | Temple   | Reached ** piety under Hepliaklqana
  3118 | Temple   | Remembered your ancestor Shatu-murrim as a knight
  3184 | D:5      | Noticed Duvessa
  3184 | D:5      | Noticed Dowan
  3205 | D:5      | Killed Duvessa
  3206 | D:5      | Reached XP level 8. HP: 19/50 MP: 9/9
  3208 | D:5      | Killed Dowan
  3209 | D:5      | Reached skill level 9 in Fighting
  3773 | D:5      | Reached skill level 10 in Fighting
  4386 | D:5      | Found Susyonog's Jewellery Shop.
  4599 | D:5      | Bought an amulet of regeneration for 330 gold pieces
  4671 | D:6      | Reached skill level 11 in Fighting
  4671 | D:6      | Reached XP level 9. HP: 57/57 MP: 10/10
  4671 | D:6      | Identified the +8 long sword "Oshrio Hocump" {freeze, Fly
                  | rPois Str-4 Int+7}
  4957 | D:6      | Gained mutation: You occasionally shout uncontrollably at
                  | your foes. [potion of mutation]
  4958 | D:6      | Lost mutation: You occasionally shout uncontrollably at
                  | your foes. [potion of mutation]
  4958 | D:6      | Gained mutation: Your movements are slightly less
                  | encumbered by armour. (ER -2) [potion of mutation]
  4958 | D:6      | Gained mutation: You are partially covered in large bone
                  | plates. (SH +4) [potion of mutation]
  4958 | D:6      | Gained mutation: You occasionally lose the ability to drink
                  | potions when taking damage. [potion of mutation]
  5244 | D:6      | Noticed Pikel
  5261 | D:6      | Killed Pikel
  5262 | D:6      | Reached skill level 12 in Fighting
  5464 | D:7      | Found the +7 Throatcutter {drain, coup de grace}
  5466 | D:7      | Reached *** piety under Hepliaklqana
  5601 | D:7      | Found a hide-covered altar of Uskayaw.
  5666 | D:7      | Found a glowing golden altar of the Shining One.
  5674 | D:7      | Found a shimmering altar of Xom.
  5674 | D:7      | Found a broken altar of Ashenzari.
  5712 | D:7      | Found a shadowy altar of Dithmenos.
  5723 | D:7      | Reached skill level 13 in Fighting
  5875 | D:7      | Reached XP level 10. HP: 62/65 MP: 11/11
  5971 | D:8      | Found a staircase to the Lair.
  6099 | D:8      | Reached skill level 14 in Fighting
  6114 | D:8      | Noticed a tengu warrior
  6131 | D:8      | Noticed a two-headed ogre
  6137 | D:8      | Killed a tengu warrior
  6150 | D:8      | HP: 3/102 [two-headed ogre/+0 giant club (9)]
  6155 | D:8      | Mangled by a two-headed ogre

Illustrated notes

Levels and vault maps discovered:
D:1:      dpeg_arrival_pond, layout_loops_ring, serial_rivers,
          chequers_serial_rivers_small_3, chequers_serial_rivers_large_a,
          chequers_serial_rivers_micro_c, chequers_serial_rivers_room_b
D:2:      layout_basic, uniq_robin, uniq_terence, uniq_jessica
D:3:      layout_rooms, uniq_crazy_yiuf_cottage
D:4:      layout_loops_cross, zin_scriptorium, kennysheep_crisscross,
          minmay_misc_feat_alley, st_stairs_3, kennysheep_nondescript,
          serial_bayou_pond_e, uniq_edmund, uniq_ijyb
D:5:      layout_basic, minmay_temple_entry_crystal_x, serial_shops,
          nicolae_shop_competitors_out_of_business, nrook_loot_triangle,
          minivault_19, kennysheep_small_square, uniq_grinder, uniq_duvessa
D:6:      layout_cave_pods, uniq_pikel
D:7:      layout_rooms, nicolae_dithmenos_the_darkroom,
          mainiacjoe_overflow_chevrons, minitemple, grunt_ministairs_9
D:8:      layout_basic, dpeg_oklobed_lair, enter_bailey_5, grunt_potential
Temple:   nicolae_temple_superstar

Skill      XL: |  1  2  3  4  5  6  7  8  9 10 |
---------------+-------------------------------+-----
Polearms       | 4 5 |  5.3
Fighting       | 5 7 8 11 13 14 | 14.9
Dodging        | |  3.2

Action                     |  1- 3 |  4- 6 |  7- 9 | 10-12 || total
---------------------------+-------+-------+-------+-------++-------
  Melee: Spear             |    79 |    28 |       |       ||   107
         Kick              |    21 |    43 |    62 |    21 ||   147
         Peck              |     9 |    29 |    38 |    16 ||    92
         Short sword       |     5 |    61 |    61 |       ||   127
         Trident           |       |    75 |   146 |       ||   221
         Punch             |       |     1 |     7 |       ||     8
         Halberd           |       |       |     5 |    75 ||    80
  Throw: Dart              |       |    13 |    14 |       ||    27
 Invoke: Ancestor Life: Kn |       |       |     1 |       ||     1
    Use: Potion            |       |     1 |     2 |     5 ||     8
         Scroll            |       |       |     4 |     2 ||     6
   Stab: Sleeping          |     2 |     3 |     3 |       ||     8
         Distracted        |       |       |     1 |       ||     1
 Armour: Robe              |    21 |    54 |    36 |    16 ||   127
         Skin              |       |       |       |    22 ||    22
  Dodge: Dodged            |    18 |   148 |   189 |    58 ||   413
  Block: Other             |       |       |    11 |    11 ||    22

Table legend: (Time is in decaauts)
 A = Elapsed time spent in this place.
 B = Non-inter-level travel time spent in this place.
 C = Inter-level travel time spent in this place.
 D = Time resting spent in this place.
 E = Time spent auto-exploring this place.
 F = Levels seen in this place.
 G = Mean time per level.
                   A        B        C        D        E       F      G
               +--------+--------+--------+--------+--------+-----+--------+
         Total |   6160 |   5773 |    387 |    873 |   3569 |   9 |  684.4 |
       Dungeon |   6121 |   5770 |    351 |    873 |   3569 |   8 |  765.1 |
        Temple |     39 |      3 |     36 |      0 |      0 |   1 |   39.0 |
               +--------+--------+--------+--------+--------+-----+--------+

Top non-repeatable levels by time:
     D:5: 1560 daAuts
     D:4: 1180 daAuts
     D:2: 994 daAuts
     D:6: 832 daAuts
     D:1: 813 daAuts
     D:7: 488 daAuts
     D:8: 192 daAuts
     D:3: 58 daAuts
  Temple: 39 daAuts
